 Dungeon Crawl Stone Soup version 0.30.1-4-g462c640d31 (webtiles) character file.

Game seed: 16922411661225033224

2 croobank the Sneak (level 1, 0/16 HPs)
             Began as an Octopode Delver on Aug 21, 2023.
             Succumbed to a scorpion's poison
             ... on level 6 of the Dungeon.
             The game lasted 00:00:31 (58 turns).

croobank the Sneak (Octopode Delver)                  Turns: 58, Time: 00:00:32

Health: 0/16       AC:  1    Str: 11    XL:     1   Next: 30%
Magic:  1/1        EV: 13    Int: 12    God:
Gold:   22         SH:  0    Dex: 13    Spells: 0/0 levels left

rFire   . . .        a - +0 short sword
rCold   . . .        (no shield)
rNeg    . . .        (helmet restricted)
rPois   .            (no amulet)
rElec   .            (no ring)
rCorr   .            (no ring)
SInv    .            (no ring)
Will    .....        (no ring)
Stlth   ++++         (no ring)
HPRegen 0.22/turn    (no ring)
MPRegen 0.07/turn    (no ring)
                     (no ring)

%: no passive effects
@: lethally poisoned (0 -> -7)
A: almost no armour, amphibious, 8 rings, camouflage 1, gelatinous body 1,
(nimble swimmer 1), tentacles
a: no special abilities


You were on level 6 of the Dungeon.
You visited 1 branch of the dungeon, and saw 2 of its levels.

You collected 22 gold pieces.

Inventory:

Hand Weapons
 a - a +0 short sword (weapon)
Missiles
 h - a javelin (quivered)
 i - 4 poisoned darts
Wands
 f - a wand of digging (3)
Scrolls
 b - a scroll of fog
 c - a scroll of magic mapping
 d - a scroll of fear
 g - a scroll of enchant armour {unknown}
Potions
 e - a potion of haste


   Skills:
 + Level 3.0 Fighting
 + Level 2.0 Short Blades
 + Level 2.0 Dodging
 + Level 6.6 Stealth


You couldn't memorise any spells.
You didn't know any spells.
Your spell library was empty.

Dungeon Overview and Level Annotations

Branches:
Dungeon (6/15)
 Temple: D:4-7

Altars:


Innate Abilities, Weirdness & Mutations

You cannot wear most types of armour.
You are amphibious.
You can wear up to eight rings at the same time.
Your skin changes colour to match your surroundings (Stealth+).
Your rubbery body absorbs attacks. (AC +1, EV +1)
((You are camouflaged when in or above water. (Stealth+)))
You have tentacles for arms and can constrict up to eight enemies at once.


Message History

You see here 2 javelins.
h - 2 javelins
There is a stone staircase leading up here.
There is a stone staircase leading down here.
You climb downwards.
Found 10 gold pieces.
There is a stone staircase leading up here.
You now have 10 gold pieces.
Found a stone staircase leading down.
An orc comes into view. It is wielding a +0 club.
Found 4 poisoned darts.
The helpless orc fails to defend itself.
You puncture the orc!
You kill the orc!
You see here a +0 club.
Found 12 gold pieces.
You see here 4 poisoned darts.
i - 4 poisoned darts You now have 22 gold pieces (gained 12).
A scorpion comes into view.
Throw: 2 javelins
Press: ? - help, Q - select action, (/) - cycle Shift-Dir - straight line, f - scorpion
Aim: a scorpion (57% to hit)
You throw a javelin.
The javelin pierces through the scorpion but does no damage.
You hit the scorpion. Your grab misses the scorpion.
The scorpion is lightly wounded.
The scorpion stings you.
You hit the scorpion. Your grab misses the scorpion.
The scorpion is moderately wounded.
The scorpion stings you!
Ouch! That really hurt!
* * * LOW HITPOINT WARNING * * *
You are lethally poisoned!
The scorpion poisons you!
You hit the scorpion but do no damage. You grab the scorpion.
You squeeze the scorpion.
The scorpion is moderately wounded.
You constrict the scorpion, but do no damage.
You die...

#.## .... .....
##########....
#(............
#.........##...
#....s@........
#######.#.....
#.........##. .# .##
#.........# ##.# ...
#...............
#.##.........###..
#..........#...#.####.
###........#.#<#......
#.....#####.....#


You could see a scorpion.

Vanquished Creatures
  An orc (D:6)
1 creature vanquished.

Notes
Turn   | Place    | Note
-------+----------+-------------------------------------------
     0 | D:5      | croobank the Octopode Delver began the quest for the Orb.
     0 | D:5      | Reached XP level 1. HP: 16/16 MP: 1/1
    53 | D:6      | Noticed a scorpion
    58 | D:6      | Succumbed to a scorpion's poison

Illustrated notes

Levels and vault maps discovered:
D:5:      layout_cave_pools
D:6:      layout_basic

Action                     || total
---------------------------++-------
  Melee: Short sword       ||     4
         Constrict         ||     1
         Tentacles         ||     1
  Throw: Javelin           ||     1
   Stab: Sleeping          ||     1
